Map: Washout LE

Players

LetaleX - Winner!

  • Race: Protoss Protoss
  • League: Grandmaster
  • Spawn Location: 7:00

Fjant

  • Race: Zerg Zerg
  • League: Grandmaster
  • Spawn Location: 1:00

Event: HomeStory Cup XXIX

VOD

Have the link to the VOD?

Description

Time

  • Played on: July 4, 2026, 12:44 p.m.
  • Length: 9:03

All games in this series

Show
View Real Time Build Order
Export as new Build Order

LetaleX Protoss - Winner!

Build Orders: Zealot Archon, Archon Drop, Dark Templar Rush 

Get SALT Encoding   

  8  0:00  Probe (Chrono Boost)  
  9  0:12  Probe (Chrono Boost)  
  10  0:18  Probe (Chrono Boost)  
  11  0:26  Probe  
  12  0:33  Pylon  
  12  0:38  Probe  
  13  0:51  Probe  
  13  0:56  Gateway  
  14  1:03  Probe (Chrono Boost)  
  15  1:06  Assimilator  
  15  1:15  Probe (Chrono Boost)  
  16  1:20  Probe (Chrono Boost)  
  17  1:29  Probe  
  18  1:47  Nexus  
  18  1:57  Cybernetics Core  
  18  2:01  Probe  
  19  2:07  Assimilator  
  19  2:13  Probe  
  20  2:15  Pylon  
  20  2:25  Probe (Chrono Boost)  
  21  2:33  Adept  
  21  2:34  Warp Gate  
  24  2:37  Probe (Chrono Boost)  
  24  2:45  Probe (Chrono Boost)  
  24  2:51  Twilight Council  
  25  2:52  Probe (Chrono Boost)  
  26  3:01  Probe (Chrono Boost)  
  28  3:06  Stalker  
  28  3:09  Probe (Chrono Boost)  
  28  3:11  Probe (Chrono Boost)  
  31  3:17  Probe (Chrono Boost)  
  33  3:21  Probe (Chrono Boost)  
  33  3:24  Probe (Chrono Boost)  
  34  3:28  Probe (Chrono Boost)  
  34  3:30  Probe, Robotics Facility  
  36  3:39  Probe  
  37  3:42  Probe  
  37  3:43  Assimilator  
  38  3:51  Probe  
  38  3:53  Dark Shrine  
  38  3:54  Probe  
  40  3:58  Gateway  
  40  4:04  Pylon  
  42  4:12  Gateway  
  42  4:14  Gateway  
  42  4:16  Warp Prism (Chrono Boost)  
  40  4:22  Probe (Chrono Boost)  
  44  4:27  Assimilator  
  44  4:28  Probe (Chrono Boost)  
  45  4:32  Probe (Chrono Boost)  
  45  4:33  Pylon  
  45  4:35  Probe (Chrono Boost)  
  45  4:37  Probe (Chrono Boost)  
  46  4:45  Pylon  
  47  4:46  Probe  
  47  4:48  Probe  
  49  4:58  Probe  
  50  5:04  Pylon  
  51  5:07  Dark Templar x2  
  51  5:09  Dark Templar  
  51  5:10  Probe  
  51  5:11  Dark Templar  
  59  5:16  Probe  
  59  5:20  Pylon  
  60  5:27  Probe  
  61  5:37  Probe, Nexus  
  62  5:42  Archon  
  62  5:43  Archon  
  62  5:44  Probe  
  62  5:45  Pylon  
  62  5:48  Observer  
  62  5:49  Forge, Probe  
  65  5:52  Charge  
  65  5:56  Probe  
  66  5:57  Sentry  
  66  5:58  Sentry x2  
  66  6:01  Probe  
  66  6:03  Pylon  
  73  6:05  Immortal (Chrono Boost)  
  77  6:15  Protoss Ground Weapons Level 1 (Chrono Boost)  
  77  6:18  Probe, Nexus  
  78  6:19  Pylon  
  78  6:24  Pylon  
  78  6:30  Zealot x4  
  87  6:32  Probe  
  87  6:42  Probe  
  87  6:43  Immortal  
  89  6:49  Gateway  
  89  6:51  Gateway  
  89  6:56  Sentry x2, Zealot x2  
  97  7:09  Probe  
  97  7:14  Pylon  
  98  7:17  Gateway  
  98  7:18  Gateway  
  98  7:19  Sentry  
  98  7:20  Sentry x2  
  104  7:29  Pylon  
  104  7:30  Immortal, Probe  
  109  7:37  Zealot  
  109  7:43  Probe  
  112  7:45  Zealot x3  
  118  7:52  Zealot x2  
  118  7:55  Stalker x2  
  122  8:09  Stalker x4  
  129  8:15  Shield Battery  
  124  8:20  Dark Templar  
  124  8:21  Dark Templar  
  112  8:29  Stalker x2  
  112  8:38  Stalker x2  
  109  8:49  Stalker  
Show
View Real Time Build Order
Export as new Build Order

Fjant Zerg 

Build Orders: Hatch First 

Get SALT Encoding   

  8  0:00  Drone  
  9  0:11  Drone  
  10  0:18  Drone  
  11  0:23  Drone  
  12  0:29  Extractor  
  12  0:30  Drone  
  13  0:39  Overlord  
  13  0:57  Drone x2  
  13  1:02  Drone  
  16  1:15  Hatchery  
  15  1:20  Drone  
  16  1:32  Spawning Pool  
  16  1:36  Drone  
  16  1:40  Drone  
  16  1:42  Extractor  
  16  1:47  Drone  
  17  1:57  Drone  
  18  2:04  Drone  
  19  2:14  Overlord  
  19  2:20  Queen, Extractor  
  21  2:33  Zergling x4  
  21  2:34  Queen  
  21  2:37  Drone  
  26  2:39  Drone  
  26  2:42  Drone  
  28  2:47  Metabolic Boost  
  28  2:51  Drone  
  29  2:59  Drone x2  
  31  3:05  Drone  
  32  3:15  Hatchery  
  32  3:19  Overlord  
  31  3:22  Drone  
  32  3:37  Queen  
  32  3:38  Drone x4  
  32  3:41  Drone x2  
  40  3:50  Overlord  
  40  3:52  Overlord  
  40  3:54  Overlord  
  40  4:06  Overlord  
  40  4:12  Drone x3  
  40  4:15  Extractor  
  42  4:17  Roach Warren  
  42  4:18  Zergling x10  
  46  4:28  Drone x4  
  46  4:29  Drone x2  
  52  4:31  Overlord  
  52  4:39  Overlord  
  52  4:41  Overlord  
  52  4:47  Overlord  
  52  4:52  Lair  
  52  4:53  Drone x3  
  52  4:56  Spore Crawler  
  54  5:11  Spore Crawler  
  54  5:12  Roach x5  
  54  5:13  Zergling x2  
  64  5:20  Zergling x8  
  68  5:26  Spore Crawler, Zergling x4  
  68  5:27  Zergling x2  
  70  5:43  Drone x2  
  70  5:45  Drone x2  
  74  5:50  Glial Reconstitution  
  74  5:52  Hatchery, Roach x2  
  77  5:58  Extractor  
  77  6:00  Drone x4  
  77  6:01  Extractor  
  79  6:06  Spire  
  79  6:11  Roach x2  
  81  6:19  Drone x2  
  81  6:20  Drone x2  
  84  6:30  Drone x2  
  82  6:41  Roach x2  
  85  6:50  Roach x3  
  85  6:51  Roach  
  88  7:13  Drone  
  89  7:19  Mutalisk x5  
  89  7:20  Zergling x2  
  89  7:21  Overlord x5  
  100  7:24  Overlord x2  
  98  7:32  Zergling x2  
  98  7:33  Ravager  
  100  7:39  Ravager  
  100  7:40  Roach  
  100  7:41  Roach x2  
  100  7:43  Roach  
  108  7:49  Roach x3  
  111  7:51  Roach  
  111  7:56  Zergling x8  
  111  7:57  Roach  
  117  7:59  Roach  
  119  8:07  Roach x2, Queen  
  119  8:08  Queen  
  119  8:10  Roach  
  127  8:20  Roach x3  
  116  8:27  Roach  
  116  8:28  Roach x4  
  105  8:35  Roach  
  105  8:40  Roach  
  105  8:41  Roach  
Tags
 
Add a new tag
Caveats
  • Supply blocks, unpowered buildings, or Contaminate may cause inaccurate times.
  • Supply counts are checked every 10 seconds.